 Dungeon Crawl Stone Soup version 0.25-a0-657-ge95d391c20 (webtiles) character file.

Game seed: 10188649390369668805, levelgen mode: deterministic

9172 nono the Fighter (level 11, -7/98 (99) HPs)
             Began as a Ghoul Necromancer on Mar 22, 2020.
             Was a High Priest of Okawaru.
             Headbutted by a minotaur (12 damage)
             ... in a Gauntlet.
             The game lasted 00:49:03 (9312 turns).

nono the Fighter (Ghoul Necromancer)                Turns: 9312, Time: 00:49:04

HP:   -7/98 (99)    AC: 17    Str: 16    XL:     11   Next: 42%
MP:   30/30         EV:  5    Int: 10    God:    Okawaru [*****.]
Gold: 595           SH:  9    Dex:  9    Spells: 12/13 levels left

rFire    . . .     SeeInvis +     - Unarmed
rCold    + . .     Gourm    .   F - +0 kite shield
rNeg     + + +     Faith    .   w - +0 plate armour
rPois    ∞         Spirit   .   (no helmet)
rElec    .         Reflect  .   H - scarf {cloud immunity}
rCorr    .         Harm     .   k - +0 pair of gloves
MR       +....     NoTele   +   u - +2 pair of boots
Stlth    ..........             (no amulet)
HPRegen  0.00/turn              A - ring of magical power
MPRegen  0.22/turn              r - ring of Dun Kogi {*Contam rN++ MR+ MP+9 SInv}

@: mighty, stab, rotting, hasted, very quick
A: rotting body, claws 1, carnivore, cold resistance 1, negative energy
resistance 3, inhibited regeneration, torment resistance, unbreathing
a: Heroism, Finesse, Renounce Religion


You were in a Gauntlet.
You worshipped Okawaru.
Okawaru was extremely pleased with you.
You were not hungry.

You visited 3 branches of the dungeon, and saw 12 of its levels.
You also visited: Ossuary and Gauntlet.

You collected 595 gold pieces.

Inventory:

Hand Weapons
 b - a +0 dagger of flaming
Missiles
 p - 2 throwing nets (quivered)
Armour
 k - a +0 pair of gloves (worn)
 u - a +2 pair of boots (worn)
 w - a +0 plate armour (worn)
 F - a +0 kite shield (worn)
 H - a scarf of cloud immunity (worn)
 K - the +0 pair of boots "Ymasah" {rF- rC++ Int+6}
   (You found it in a Gauntlet)

   It affects your intelligence (+6).
   It makes you vulnerable to fire.
   It greatly protects you from cold.
Jewellery
 r - the ring of Dun Kogi (right hand) {*Contam rN++ MR+ MP+9 SInv}
   (You found it in a Gauntlet)

   [ring of magical power]

   It greatly protects you from negative energy.
   It affects your resistance to hostile enchantments.
   It affects your magic capacity (+9).
   It lets you see invisible.
   It causes magical contamination when unequipped.
 A - a ring of magical power (left hand)
 O - an uncursed ring of protection from cold
Wands
 y - a wand of acid (2)
 D - a wand of disintegration (5)
 J - a wand of flame (3)
Scrolls
 a - a scroll of enchant armour {unknown}
 f - 2 scrolls of teleportation
 g - 4 scrolls of remove curse
 h - 4 scrolls of immolation
 l - 2 scrolls of amnesia
 s - a scroll of noise
 v - 2 scrolls of random uselessness
 x - a scroll of fog
 E - a scroll of enchant weapon {unknown}
 L - a scroll of blinking {unknown}
 M - a scroll of magic mapping
 P - a scroll of fear {unknown}
Potions
 e - 3 potions of lignification
 j - a potion of mutation
 m - a potion of ambrosia
 o - a potion of berserk rage
 t - 3 potions of stabbing
 z - a potion of cancellation {unknown}
 B - a potion of magic
 C - 2 potions of degeneration {unknown}
 G - a potion of flight {unknown}
 I - 2 potions of might
Comestibles
 c - 20 rations


   Skills:
 + Level 9.7 Fighting
 + Level 6.7 Armour
 + Level 7.1 Dodging
 - Level 2.1 Stealth
 + Level 5.5 Shields
 + Level 9.7 Unarmed Combat
 - Level 1.7 Spellcasting
 - Level 4.0 Necromancy


You had 12 spell levels left.
You knew the following spells:

 Your Spells              Type           Power        Failure   Level  Hunger
a - Pain                  Necr           #...         100%        1    ##.....

Your spell library contained the following spells:

 Spells                   Type           Power        Failure   Level  Hunger
 Animate Skeleton         Necr           N/A          100%        1    ##.....
 Magic Dart               Conj           #...         100%        1    ##.....
 Shock                    Conj/Air       #...         100%        1    ##.....
 Searing Ray              Conj           #.....       100%        2    ###....
 Swiftness                Chrm/Air       #.......     100%        2    ###....
 Dazzling Flash           Conj/Hex       #.....       100%        3    ####...
 Static Discharge         Conj/Air       #.......     100%        3    ####...
 Vampiric Draining        Necr           #.........   100%        3    ####...
 Airstrike                Air            #.........   100%        4    #####..
 Animate Dead             Necr           N/A          100%        4    #####..
 Fulminant Prism          Conj/Hex       #.........   100%        4    #####..
 Iskenderun's Mystic Bla  Conj/Tloc      #.......     100%        4    #####..
 Agony                    Necr           #.......     100%        5    ######.
 Lightning Bolt           Conj/Air       #.........   100%        5    ######.


Dungeon Overview and Level Annotations

Branches:
Dungeon (10/15)            Temple (1/1) D:7            Lair (1/6) D:8
Ossuary (visited)         Gauntlet (1/1)
    Orc: D:9-12

Altars:
Ashenzari
Cheibriados
Dithmenos
Elyvilon
Fedhas
Gozag
Kikubaaqudgha
Makhleb
Nemelex Xobeh
Okawaru
Qazlal
Ru
Sif Muna
Trog
Uskayaw
Vehumet
Wu Jian
Xom
Yredelemnul
Zin
The Shining One

Annotations:
Gauntlet 6 transporters, exclusion: lightning spire


Innate Abilities, Weirdness & Mutations

Your body is rotting away.
You thrive on raw meat.
You are immune to poison.
You have sharp fingernails.
You are carnivorous and can eat meat at any time.
Your flesh is cold resistant. (rC+)
You are immune to negative energy. (rN+++)
You do not regenerate when monsters are visible.
You are immune to unholy pain and torment.
You can survive without breathing.


Message History

The minotaur hits you but does no damage.
You block the minotaur's attack.
Evoke which item? (* to show all) (? for menu, Esc to quit)
Aiming: Disintegrate
Press: ? - help, Shift-Dir - straight line, f/p - minotaur
Aim: a minotaur, wielding a staff of energy, wearing a +0 plate armour, wearing an uncursed ring of fire and quivering 17 javelins (moderately wounded, covered in acid, chance to defeat MR: 7%)
Okay, then.
It was a potion of might.
You feel very mighty all of a sudden.
You punch the minotaur!
The minotaur is moderately wounded.
You feel like a meek peon again.
The minotaur hits you with a cursed staff of energy!
* * * LOW HITPOINT WARNING * * *
The minotaur gores you but does no damage.
Okay, then.
Okay, then.
You barely miss the minotaur.
The minotaur furiously retaliates!
The minotaur headbutts you!
You die...

................
.8.8.8.©.©.8.8.8
................
####.###.###.###
###.###.###.###
#.............#
#.###.###.###.#
#.###.###.###.#
#.....@(......#
#######H#######
.... ##.### ...
≈∩≈ ≈≈≈≈ #####


You could see a minotaur.

Vanquished Creatures
  A wizard (Gauntlet)
  An efreet (D:10)
  A komodo dragon (D:8)
  2 trolls
  A hippogriff (Lair:1)
  2 shadows (Gauntlet)
  A spriggan (D:7)
  14 yaks
  A hungry ghost (D:9)
  Menkaure (Ossuary)
  3 water moccasins
  A black bear (D:9)
  2 ice beasts
  2 phantoms (D:7)
  2 sky beasts
  4 orc warriors
  5 ogres
  2 necrophages
  6 centaurs
  A big kobold (D:10)
  7 bullfrogs
  A water moccasin zombie (D:7)
  4 scorpions
  A howler monkey (D:4)
  7 crimson imps
  2 centaur skeletons
  2 jellies (D:6)
  5 orc priests
  A gnoll shaman (D:8)
  6 hounds
  7 orc wizards
  2 bullfrog skeletons
  2 iguanas
  7 worker ants
  A hound skeleton (D:4)
  A hound zombie (D:6)
  3 mummies (Ossuary)
  A howler monkey zombie (D:6)
  3 gnolls (D:8)
  10 adders
  A howler monkey skeleton (D:6)
  A shadow imp (Gauntlet)
  2 white imps (Gauntlet)
  3 oozes
  2 adder zombies (D:7)
  2 worms
  A dart slug (D:1)
  4 leopard geckos
  25 orcs
  12 bats
  7 giant cockroaches
  6 gnoll zombies (Ossuary)
  8 goblins
  4 hobgoblins
  24 jackals
  2 quokkas
  3 ball pythons
  7 frilled lizards
  7 gnoll skeletons (Ossuary)
  5 goblin skeletons (Ossuary)
  4 goblin zombies (Ossuary)
  2 hobgoblin skeletons (Ossuary)
  3 hobgoblin zombies (Ossuary)
  11 kobolds
  3 kobold skeletons (Ossuary)
  4 kobold zombies (Ossuary)
  A leopard gecko skeleton (D:8)
  3 orc skeletons (Ossuary)
  3 orc zombies (Ossuary)
  5 rats
  4 rat skeletons (Ossuary)
  5 rat zombies (Ossuary)
300 creatures vanquished.

Vanquished Creatures (others)
  A goblin skeleton (Ossuary)
  A fungus (Lair:1)
  3 plants (D:8)
5 creatures vanquished.

Grand Total: 305 creatures vanquished

Notes
Turn   | Place    | Note
-------+----------+-------------------------------------------
     0 | D:1      | nono the Ghoul Necromancer began the quest for the Orb.
     0 | D:1      | Reached XP level 1. HP: 14/14 MP: 2/2
   214 | D:1      | Reached skill level 1 in Fighting
   214 | D:1      | Reached skill level 1 in Unarmed Combat
   297 | D:1      | Reached XP level 2. HP: 20/23 MP: 3/3
   720 | D:1      | Reached XP level 3. HP: 29/29 MP: 4/4
  1059 | D:2      | Reached XP level 4. HP: 28/37 MP: 5/5
  1328 | D:2      | Found an opulent altar of Gozag.
  1491 | D:2      | Found a faded altar of an unknown god.
  1721 | D:3      | Noticed a centaur
  1736 | D:3      | Killed a centaur
  1736 | D:3      | Reached XP level 5. HP: 32/46 MP: 6/6
  1938 | D:4      | Reached XP level 6. HP: 33/52 MP: 7/7
  2131 | D:4      | Reached skill level 5 in Fighting
  2131 | D:4      | Reached skill level 5 in Unarmed Combat
  2271 | D:4      | Reached XP level 7. HP: 44/61 MP: 8/8
  2779 | D:5      | Entered Level 5 of the Dungeon
  3096 | D:5      | Reached skill level 1 in Armour
  3733 | D:6      | Reached XP level 8. HP: 64/70 MP: 9/9
  4139 | D:6      | Found a burning altar of Makhleb.
  4408 | D:7      | Found a snail-covered altar of Cheibriados.
  4514 | D:7      | Found a staircase to the Ecumenical Temple.
  4531 | Temple   | Entered the Ecumenical Temple
  4657 | Temple   | Became a worshipper of Warmaster Okawaru
  4746 | D:7      | Reached XP level 9. HP: 48/77 MP: 10/10
  4749 | D:7      | Reached skill level 1 in Shields
  4844 | D:7      | Reached * piety under Okawaru
  4958 | D:7      | Found a glowing golden altar of the Shining One.
  5331 | D:8      | Reached ** piety under Okawaru
  5372 | D:7      | Reached skill level 5 in Dodging
  5535 | D:8      | Found a shimmering blue altar of Sif Muna.
  5671 | D:8      | Noticed a komodo dragon
  5672 | D:8      | Found a staircase to the Lair.
  5686 | D:8      | Killed a komodo dragon
  5686 | D:8      | Reached XP level 10. HP: 13/88 MP: 11/11
  5692 | D:8      | Reached skill level 5 in Armour
  5780 | D:8      | Found a sand-covered staircase.
  5792 | Ossuary  | Entered an ossuary
  6208 | Ossuary  | Noticed Menkaure
  6224 | Ossuary  | Killed Menkaure
  6439 | D:8      | Reached *** piety under Okawaru
  6583 | D:8      | Found a radiant altar of Vehumet.
  7223 | D:9      | Reached **** piety under Okawaru
  7531 | D:9      | Found a shattered altar of Ashenzari.
  7648 | D:10     | Entered Level 10 of the Dungeon
  8025 | D:10     | Reached XP level 11. HP: 32/97 MP: 12/12
  8512 | D:10     | Reached skill level 5 in Shields
  8515 | D:10     | Noticed a two-headed ogre
  8560 | Lair:1   | Entered Level 1 of the Lair of Beasts
  8606 | Lair:1   | Reached ***** piety under Okawaru
  8642 | Lair:1   | Found a gate leading to a gauntlet.
  8722 | Gauntlet | Entered a Gauntlet
  8722 | Gauntlet | Found a transporter.
  8722 | Gauntlet | Found a transporter.
  8722 | Gauntlet | Noticed a wizard
  8738 | Gauntlet | Found a transporter.
  8739 | Gauntlet | Found a transporter.
  8742 | Gauntlet | Found a transporter.
  8742 | Gauntlet | Found a transporter.
  8787 | Gauntlet | HP: 1/97 [wizard/crystal spear (30)]
  8791 | Gauntlet | Killed a wizard
  8803 | Gauntlet | Noticed a soul eater
  8806 | Gauntlet | Got a twitching amber ring
  8807 | Gauntlet | Identified the ring of Dun Kogi {*Contam rN++ MR+ MP+9
                  | SInv} (You found it in a Gauntlet)
  9133 | Gauntlet | Found a transporter.
  9136 | Gauntlet | Found a transporter.
  9136 | Gauntlet | Found a transporter.
  9136 | Gauntlet | Found a transporter.
  9144 | Gauntlet | Noticed a death ooze
  9155 | Gauntlet | Found a runed translucent door.
  9160 | Gauntlet | Noticed a sixfirhy
  9160 | Gauntlet | Noticed a sixfirhy
  9160 | Gauntlet | Noticed a sixfirhy
  9160 | Gauntlet | Noticed a sixfirhy
  9201 | Gauntlet | Got a pair of jewelled boots
  9212 | Gauntlet | Identified the cursed +0 pair of boots "Ymasah" {rF- rC++
                  | Int+6} (You found it in a Gauntlet)
  9234 | Gauntlet | Found a transporter.
  9234 | Gauntlet | Found a transporter.
  9298 | Gauntlet | Noticed a minotaur
  9312 | Gauntlet | Headbutted by a minotaur

Levels and vault maps discovered:
D:1:      evilmike_arrival_plus, layout_basic
D:2:      layout_basic, first_ration, chequers_ecumenical_altar_island,
          nicolae_gozag_cash_rules_everything_around_me
D:3:      layout_loops_ring, uniq_robin
D:4:      kb_forest_paths, layout_basic, kennysheep_mini_moat
D:5:      layout_loops_ring
D:6:      layout_cave_pools, makhleb_grotto_becter, kennysheep_small_square
D:7:      layout_loops_ring, lemuel_crystal_altar, tso_altar,
          minmay_temple_entry_large_hall, the_bakery
D:8:      layout_cave_pools, lemuel_round_altar, lemuel_round_altar,
          david_lair_shrubbed, enter_ossuary_1
D:9:      layout_rooms, lemuel_statue_altar
D:10:     layout_grid_maze
Temple:   eino_temple_rhombus
Lair:1:   layout_cave_pods, gauntlet_entry_generic
Gauntlet: minmay_gauntlet_77_indecision [minmay_gauntlet_arena_77_mess,
          minmay_gauntlet_arena_77_museum,
          minmay_gauntlet_arena_77_tiled_triplets,
          minmay_gauntlet_arena_77_path, minmay_gauntlet_arena_77_squiggly,
          minmay_gauntlet_arena_77_two_paths, gauntlet_exit_watery]

Skill      XL: |  1  2  3  4  5  6  7  8  9 10 11 |
---------------+----------------------------------+-----
Fighting       | 1 2 4 5 7 8 9 |  9.7
Unarmed Combat | 1 2 3 4 5 6 8 9 |  9.7
Dodging        | 3 4 5 6 7 |  7.1
Armour         | 2 3 4 6 |  6.7
Shields        | 3 4 5 |  5.5
Stealth        | |  2.1
Spellcasting   | |  1.7
Necromancy     | |  4.0

Action                   |  1- 3 |  4- 6 |  7- 9 | 10-12 || total
-------------------------+-------+-------+-------+-------++-------
Melee: Unarmed           |   136 |   256 |   588 |   595 ||  1575
       Punch             |     2 |     2 |    12 |    14 ||    30
 Cast: Pain              |     5 |       |       |       ||     5
Invok: Heroism           |       |       |     1 |    12 ||    13
Evoke: Wand              |       |       |     5 |     9 ||    14
  Use: Scroll            |       |       |    11 |     7 ||    18
       Potion            |       |       |       |     7 ||     7
  Eat: Chunk             |    12 |    24 |    47 |    66 ||   149
       Ration            |       |       |     1 |       ||     1
Armor: Robe              |     3 |       |       |       ||     3
       Ring mail         |   107 |    15 |       |       ||   122
       Scale mail        |       |   117 |   181 |       ||   298
       Plate armour      |       |       |   156 |   389 ||   545
Dodge: Dodged            |   121 |   131 |   264 |   166 ||   682
Block: Kite shield       |       |       |       |    67 ||    67

Table legend:
 A = Non-vault XP
 B = Vault XP
 C = Vault XP percentage of total XP
 D = Non-vault monster count
 E = Vault monster count
 F = Vault count percentage of total count
                 A         B        C        D         E       F
            +---------+---------+-------+---------+---------+-------
      Total |   10941 |    2162 |  16.5 |     233 |      66 |  22.1
            +---------+---------+-------+---------+---------+-------
        D:1 |      43 |       0 |   0.0 |      23 |       0 |   0.0
        D:2 |      77 |       0 |   0.0 |      31 |       0 |   0.0
        D:3 |     177 |       0 |   0.0 |      16 |       0 |   0.0
        D:4 |     322 |      39 |  10.8 |      22 |       3 |  12.0
        D:5 |     171 |       0 |   0.0 |       8 |       0 |   0.0
        D:6 |     761 |      87 |  10.3 |      19 |       3 |  13.6
        D:7 |    1989 |     211 |   9.6 |      29 |       1 |   3.3
        D:8 |    2140 |     350 |  14.1 |      34 |       1 |   2.9
        D:9 |    1567 |       0 |   0.0 |      20 |       0 |   0.0
       D:10 |    1614 |       0 |   0.0 |      21 |       0 |   0.0
     Lair:1 |    2080 |       0 |   0.0 |      10 |       0 |   0.0
    Ossuary |       0 |     276 | 100.0 |       0 |      52 | 100.0
   Gauntlet |       0 |    1199 | 100.0 |       0 |       6 | 100.0
            +---------+---------+-------+---------+---------+-------
